 Dungeon Crawl Stone Soup version 0.25.1-2-g60ff931df9 (webtiles) character file.

Game seed: 1537965512149769264

109 Martska the Skirmisher (level 4, -5/44 HPs)
             Began as a Naga Fighter on Aug 13, 2020.
             Slain by a gnoll (6 damage)
             ... on level 2 of the Dungeon.
             The game lasted 00:03:38 (2542 turns).

Martska the Skirmisher (Naga Fighter)               Turns: 2542, Time: 00:03:39

Health: -5/44      AC:  3    Str: 19    XL:     4   Next: 90%
Magic:  4/4        EV:  7    Int:  9    God:
Gold:   62         SH:  8    Dex: 10    Spells: 3/3 levels left

rFire    . . .     SeeInvis +   j - +0 spear
rCold    . . .     Gourm    .   c - +0 kite shield
rNeg     . . .     Faith    .   p - +0 leather armour
rPois    +         Spirit   .   (no helmet)
rElec    .         Reflect  .   (no cloak)
rCorr    .         Harm     .   (no gloves)
MR       .....                  (no barding)
Stlth    +.........             (no amulet)
HPRegen  0.14/turn              s - ring of wizardry
MPRegen  0.09/turn              (no ring)

@: brilliant, stab, very slow
A: large, see invisible, deformed body, poison resistance, slowness 2, slow
metabolism 1, spit poison 1, AC +1
a: Spit Poison


You were on level 2 of the Dungeon.
You were not hungry.

You visited 1 branch of the dungeon, and saw 3 of its levels.

You collected 62 gold pieces.

Inventory:

Hand Weapons
 a - a +0 trident
 j - a +0 spear (weapon)
Armour
 b - a +0 scale mail
 c - a +0 kite shield (worn)
 p - a +0 leather armour (worn)
Jewellery
 s - a ring of wizardry (left hand)
Scrolls
 e - a scroll of magic mapping {unknown}
 g - a scroll of enchant weapon {unknown}
 h - 6 scrolls of identify {unknown}
 k - a scroll of fear {unknown}
 o - a scroll of noise {unknown}
 r - a scroll of random uselessness {unknown}
Potions
 d - a potion of might
 i - a potion of lignification {unknown}
 l - 2 potions of stabbing
 n - a potion of curing {unknown}
 q - a potion of brilliance
Comestibles
 f - 4 rations


   Skills:
 * Level 3.9 Fighting
 * Level 3.2 Polearms
 - Level 2.4 Armour
 + Level 1.2 Dodging
 + Level 2.9 Shields


You had 3 spell levels left.
You didn't know any spells.
Your spell library was empty.

Dungeon Overview and Level Annotations

Branches:
Dungeon (3/15)

Altars:


Innate Abilities, Weirdness & Mutations

You cannot wear boots.
Your serpentine skin is tough. (AC +1)
You have supernaturally acute eyesight. (SInv)
Armour fits poorly on your strangely shaped body.
Your system is resistant to poisons. (rPois)
You cover ground very slowly.
You have a slow metabolism.
You can spit poison.


Message History

The gnoll barely misses you.
You barely miss the orc priest.
The orc priest is almost dead.
You block the gnoll's attack.
You hit the orc priest.
You kill the orc priest!
You block the gnoll's attack. The gnoll closely misses you.
You block the gnoll's attack. The gnoll hits you with a +0 club.
* * * LOW HITPOINT WARNING * * *
You climb upwards.
There is a stone staircase leading down, spattered with blood here.
It was a potion of brilliance.
You feel clever all of a sudden. The gnoll hits you.
* * * LOW HITPOINT WARNING * * *
You block the gnoll's attack.
It was a potion of stabbing.
You feel ready to backstab. The gnoll hits you.
You die...

#.# #########.# #.# ##.#######
########.## #.# .........#
#.........## #.# .#.#####.#
#.######...# #.# .#รท# #.# #.#
##..# #.# .#.#####.# #.# #..# #.#
...<...#.###.# #..## #.#
.............#######.#.####.#####
.#####.........g@g..###......<...
.# ###.##.########.#.##########
.# #.##...........## # .#
#.#########.##.# # .#######.#
#.##.# ## .........#
#.##.##########. ##########
#.##..........). #
#.#############. # #.# ##


You could see 2 gnolls.

Vanquished Creatures
  An orc priest (D:3)
  A gnoll (D:2)
  An ooze (D:2)
  A worm (D:2)
  4 dart slugs (D:1)
  2 leopard geckos
  2 orcs (D:2)
  4 bats
  2 giant cockroaches
  5 goblins
  5 hobgoblins
  3 jackals (D:1)
  7 kobolds
  A quokka (D:2)
  2 ball pythons
  6 frilled lizards
  7 rats
54 creatures vanquished.

Notes
Turn   | Place    | Note
-------+----------+-------------------------------------------
     0 | D:1      | Martska the Naga Fighter began the quest for the Orb.
     0 | D:1      | Reached XP level 1. HP: 21/21 MP: 1/1
    62 | D:1      | Reached XP level 2. HP: 26/28 MP: 2/2
   586 | D:1      | Reached XP level 3. HP: 34/34 MP: 3/3
  1779 | D:2      | Reached skill level 1 in Dodging
  1779 | D:2      | Reached XP level 4. HP: 37/43 MP: 4/4
  2541 | D:2      | HP: 1/44 [gnoll (4)]
  2542 | D:2      | Slain by a gnoll

Illustrated notes

Levels and vault maps discovered:
D:1:      shiori_arrival_maze, layout_loops_ring
D:2:      layout_loops_ring
D:3:      layout_rooms, lemuel_doored_altar, uniq_grinder

Skill      XL: |  1  2  3  4 |
---------------+-------------+-----
Dodging        | 1 |  1.2
Polearms       | 3 |  3.2
Fighting       | |  3.9
Armour         | |  2.4
Shields        | |  2.9

Action                   |  1- 3 |  4- 6 || total
-------------------------+-------+-------++-------
Melee: Trident           |    66 |       ||    66
       Spear             |    96 |    49 ||   145
  Use: Potion            |       |     2 ||     2
  Eat: Chunk             |     2 |     1 ||     3
       Ration            |       |     1 ||     1
Armor: Scale mail        |    35 |       ||    35
       Leather armour    |     6 |    17 ||    23
Dodge: Dodged            |    29 |    13 ||    42
Block: Kite shield       |    55 |    35 ||    90
